Map: Royal Blood LE

Players

LLLLeroy - Winner!

  • Race: Terran Terran
  • League: Silver
  • Spawn Location: 7:00

winzboy

  • Race: Protoss Protoss
  • League: Gold
  • Spawn Location: 1:00

VOD

Have the link to the VOD?

Description

Time

  • Played on: May 26, 2023, 4:07 a.m.
  • Length: 10:32
Show
View Real Time Build Order
Export as new Build Order

LLLLeroy Terran - Winner!

Build Orders: Reaper Expand 

Get SALT Encoding   

  12  0:00  SCV  
  13  0:13  SCV  
  14  0:17  Supply Depot  
  14  0:25  SCV  
  15  0:39  SCV  
  15  0:40  Barracks  
  16  0:44  Refinery  
  16  0:51  SCV  
  17  1:03  SCV  
  18  1:15  SCV  
  19  1:29  Orbital Command, Reaper  
  20  1:42  Command Center  
  20  1:53  Supply Depot  
  20  1:55  SCV  
  21  2:07  SCV  
  22  2:10  Marine, Factory  
  23  2:19  SCV  
  23  2:22  Barracks  
  24  2:31  SCV  
  25  2:43  SCV  
  26  2:50  Refinery  
  26  2:51  Barracks  
  26  2:55  SCV  
  27  3:00  Orbital Command  
  27  3:09  SCV  
  28  3:13  Factory Reactor, Barracks Tech Lab  
  28  3:20  Barracks Tech Lab  
  28  3:22  SCV  
  29  3:27  Supply Depot  
  29  3:31  SCV  
  30  3:34  SCV  
  31  3:43  SCV  
  32  3:55  SCV  
  33  3:57  SCV  
  33  3:58  Widow Mine  
  33  3:59  Widow Mine, Barracks Reactor  
  33  4:00  Marine x2  
  39  4:02  Stimpack  
  39  4:07  Starport, SCV  
  39  4:09  SCV  
  41  4:18  Marine, Command Center, Combat Shield  
  41  4:19  SCV  
  41  4:20  Marine  
  44  4:26  SCV  
  46  4:31  SCV, Engineering Bay  
  46  4:36  Marine  
  46  4:37  Marine  
  46  4:38  Marine x2  
  49  4:39  SCV  
  49  4:43  SCV  
  49  4:44  Refinery  
  49  4:45  Starport Reactor, Refinery  
  52  4:51  SCV  
  53  4:55  Armory, SCV  
  53  4:59  Supply Depot x2  
  54  5:04  SCV  
  55  5:07  Terran Infantry Weapons Level 1, SCV  
  55  5:11  Engineering Bay  
  56  5:17  SCV  
  56  5:19  SCV  
  56  5:20  Marine x3  
  63  5:21  Marauder  
  63  5:30  Medivac  
  63  5:31  Medivac  
  63  5:33  SCV x2  
  69  5:38  Marine  
  69  5:39  Orbital Command  
  69  5:42  Terran Infantry Armor Level 1  
  70  5:45  Widow Mine  
  70  5:49  SCV  
  73  5:59  Barracks  
  73  6:00  Barracks, Liberator  
  76  6:07  SCV x2  
  78  6:17  Orbital Command  
  78  6:19  SCV x2  
  84  6:25  Widow Mine x2, Marine  
  84  6:26  Marine x2, Marauder  
  84  6:28  Concussive Shells  
  89  6:43  SCV x3, Marine  
  93  6:47  Supply Depot  
  93  7:04  Barracks Reactor, Barracks Tech Lab  
  93  7:05  Terran Infantry Weapons Level 2  
  93  7:09  Marine x2, Medivac, Marauder, SCV x2  
  93  7:12  Supply Depot  
  93  7:13  Supply Depot  
  93  7:15  Liberator, Marine, Terran Vehicle And Ship Armor Level 1  
  105  7:19  SCV  
  105  7:21  SCV x2, Refinery  
  105  7:22  Refinery  
  108  7:28  Starport  
  108  7:31  SCV  
  108  7:34  Marauder  
  111  7:40  Factory  
  111  7:45  Fusion Core  
  111  7:46  SCV x3  
  113  7:51  Marine x2  
  113  7:52  Marine, Marauder x2  
  113  7:58  SCV  
  121  8:01  Marine  
  121  8:02  Marauder  
  124  8:09  Marine  
  125  8:37  Marine  
  125  8:38  Marauder  
  125  8:39  Marine  
  125  8:43  Supply Depot  
  125  8:44  Supply Depot  
  125  8:45  Supply Depot x2  
  125  8:52  Marine  
  125  8:53  Marine  
  125  8:55  Marauder x2  
  125  8:56  Marine  
  125  8:57  Marine, Medivac  
  125  9:04  Factory Tech Lab  
  125  9:05  Marauder, Medivac  
  125  9:07  Starport Reactor  
  129  9:10  Marine x2  
  129  9:14  Marine x2  
  129  9:16  Marauder  
  129  9:17  Marauder  
  128  9:27  Marauder  
  128  9:28  Marine  
  128  9:33  Liberator  
  128  9:35  Liberator, Widow Mine x2, Siege Tank  
  128  9:37  Marauder  
  128  9:38  Marauder  
  139  9:48  Marine x2, Marauder  
  136  9:54  Medivac, Command Center  
  132  10:00  Marine x2  
  132  10:01  Marauder x2  
  132  10:06  Marine x2  
  137  10:10  Marauder  
Show
View Real Time Build Order
Export as new Build Order

winzboy Protoss 

Build Orders: 1 Gate Expand, Zealot Archon 

Get SALT Encoding   

  12  0:01  Probe  
  13  0:13  Probe  
  14  0:21  Pylon  
  14  0:26  Probe  
  15  0:40  Gateway  
  15  0:46  Probe (Chrono Boost)  
  16  0:53  Assimilator  
  17  0:58  Probe (Chrono Boost)  
  17  1:02  Probe (Chrono Boost)  
  18  1:13  Probe  
  19  1:25  Probe  
  20  1:29  Nexus  
  20  1:43  Cybernetics Core  
  20  1:48  Probe  
  20  1:51  Assimilator  
  21  1:55  Pylon  
  21  2:00  Probe  
  22  2:12  Probe  
  22  2:13  Stalker  
  23  2:15  Warp Gate (Chrono Boost)  
  25  2:24  Probe  
  25  2:36  Probe  
  25  2:48  Probe  
  26  2:58  Probe  
  26  3:00  Probe  
  27  3:10  Probe (Chrono Boost), Stalker  
  30  3:18  Probe (Chrono Boost)  
  32  3:21  Probe (Chrono Boost)  
  32  3:26  Probe x2 (Chrono Boost)  
  34  3:37  Probe  
  34  3:38  Probe  
  36  3:49  Probe  
  36  3:56  Stalker  
  36  3:58  Probe  
  36  4:01  Probe  
  40  4:05  Robotics Facility  
  40  4:07  Gateway  
  40  4:09  Gateway  
  40  4:10  Probe (Chrono Boost)  
  40  4:15  Pylon  
  42  4:18  Probe (Chrono Boost)  
  42  4:19  Assimilator  
  42  4:21  Assimilator  
  42  4:22  Probe (Chrono Boost)  
  43  4:25  Stalker  
  43  4:27  Probe (Chrono Boost)  
  46  4:32  Probe  
  46  4:37  Probe  
  48  4:44  Probe  
  49  4:49  Probe, Twilight Council  
  50  4:53  Observer  
  50  4:54  Pylon  
  50  4:56  Probe  
  50  4:57  Stalker  
  54  5:09  Pylon  
  54  5:12  Pylon  
  54  5:16  Pylon  
  54  5:18  Stalker  
  54  5:19  Stalker  
  58  5:28  Pylon  
  58  5:42  Gateway  
  58  5:44  Gateway  
  58  5:47  Gateway  
  58  5:51  Gateway  
  58  5:53  Gateway  
  58  5:54  Gateway  
  58  5:58  Gateway  
  58  6:03  Pylon  
  58  6:05  Charge (Chrono Boost), Stalker x3  
  58  6:08  Templar Archives  
  64  6:16  Probe  
  64  6:17  Probe  
  66  6:19  Immortal (Chrono Boost)  
  70  6:42  Zealot x3  
  70  6:47  Zealot x3  
  78  6:48  Zealot x2  
  86  6:58  Warp Prism  
  88  7:12  Forge  
  88  7:17  High Templar x2  
  88  7:18  High Templar x2  
  88  7:19  High Templar x3  
  88  7:21  Pylon  
  102  7:26  Pylon  
  102  7:29  Archon x2  
  102  7:30  Archon  
  102  7:55  Nexus  
  102  8:00  Pylon  
  102  8:02  Pylon  
  102  8:03  Forge  
  102  8:05  Probe x2  
  104  8:17  Immortal  
  108  8:26  Pylon  
  108  8:31  Zealot  
  108  8:32  Zealot x3  
  98  8:46  Zealot x3  
  98  8:47  Zealot x2  
  83  9:01  Zealot  
  83  9:02  Zealot x2  
  86  9:03  Zealot  
Tags
 
Add a new tag
Caveats
  • Supply blocks, unpowered buildings, or Contaminate may cause inaccurate times.
  • Supply counts are checked every 10 seconds.